 Dungeon Crawl Stone Soup version 0.30-a0-377-g5cb311bc9f (webtiles) character file.

Game seed: 5575159308485468513

390 MackTheKnife the Cleaver (level 7, -7/57 HPs)
             Began as a Meteoran Fighter on Nov 29, 2022.
             Mangled by an ogre
             ... wielding a +0 giant club
              (21 damage)
             ... on level 5 of the Dungeon.
             The game lasted 00:04:30 (1449 turns).

MackTheKnife the Cleaver (Meteoran Fighter)         Turns: 1449, Time: 00:04:31

Health: -7/57      AC:  6    Str: 20    XL:     7   Next: 29%
Magic:  8/8        EV:  9    Int:  9    God:
Gold:   198        SH:  5    Dex: 14    Spells: 6/6 levels left

rFire   . . .      SeeInvis +    u - +2 war axe (freeze) {axe}
rCold   . . .      Faith    .    c - +0 buckler
rNeg    . . .      Spirit   .    b - +0 scale mail
rPois   .          Reflect  .    (no helmet)
rElec   .          Harm     .    (no cloak)
rCorr   .          Rampage  .    (no gloves)
Will    .....                    (no boots)
Stlth   ..........               (no amulet)
HPRegen 0.29/turn                h - ring of see invisible
MPRegen 0.11/turn                (no ring)

@: glowing
A: sense surroundings 1, otherworldly, glowing, explore regen
a: no special abilities


You were on level 5 of the Dungeon.
You visited 1 branch of the dungeon, and saw 5 of its levels.

You collected 198 gold pieces.


Innate Abilities, Weirdness & Mutations

You passively map a small area around you.
You are easily found by Zot.
You glow in the dark.
You regain HP and MP as you explore.


   Skills:
 - Level 3.2 Fighting
 + Level 8.5 Axes
 - Level 3.6 Armour
 - Level 3.6 Shields


You had 6 spell levels left.
You didn't know any spells.
Your spell library contained the following spells:

 Spells                   Type           Power      Damage    Failure   Level
 Summon Guardian Golem    Hex/Summ       0%         N/A       99%         3
 Orb of Destruction       Conj           0%         9d5       100%        7
 Spellforged Servitor     Conj/Summ      0%         N/A       100%        7

Inventory:

Hand Weapons
 u - a +2 war axe of freezing (weapon) {axe}
   (You found it on level 5 of the Dungeon)
Missiles
 e - 6 stones (quivered) {throwing}
Armour
 b - a +0 scale mail (worn)
 c - a +0 buckler (worn)
Jewellery
 h - a ring of see invisible (left hand)
   (You found it on level 1 of the Dungeon)
Wands
 t - a wand of flame (29)
   (You found it on level 5 of the Dungeon)
Scrolls
 i - a scroll of immolation {unknown}
 j - a scroll of blinking {unknown}
 k - a scroll of amnesia {unknown}
 l - 3 scrolls of teleportation {unknown}
 m - a scroll of poison {unknown}
 p - a scroll of butterflies {unknown}
 s - a scroll of identify {unknown}
Potions
 d - 2 potions of might
 f - 5 potions of heal wounds {unknown}
 g - 2 potions of attraction {unknown}
 n - a potion of haste {unknown}
 o - a potion of flight {unknown}
 q - 3 potions of curing {unknown}

Dungeon Overview and Level Annotations

Branches:
Dungeon (5/15) Zot: 1496
 Temple: D:4-7

Altars:
Gozag
Hepliaklqana
Makhleb
Nemelex Xobeh
Qazlal
Xom
Zin

###..........
#....#.....
###....##....
*##.#...###.... *
##. #.......#.....
,
#...#.............
.#.......O.#.....
,
.........#O.......
##.......@#†......
##......##.l~~...
, ###...## .~.O~..
* * #...#* ~~.J~..
###.# ~..~..~ ,
### ~...~.⌠~ ,
..~..~⌠ ~ ~ , , ~


You could see 2 ogres.


Message History

A scorpion comes into view.
You see here a +2 war axe of freezing {axe}.
u - a +2 war axe of freezing {axe} You block the scorpion's attack.
Your +2 war axe of freezing {axe} glows with a cold blue light!
u - a +2 war axe of freezing (weapon)
{axe} The scorpion barely misses you.
You slash the scorpion! You freeze the scorpion.
The scorpion stings you. 😕 HP[-4]
You take 4 damage, and now have 41/45 hp.
You closely miss the scorpion.
The scorpion stings you but does no damage.
The scorpion completely misses you.
You closely miss the scorpion. The scorpion stings you. 😕 HP[-5]
You take 5 damage, and now have 36/45 hp.
You slash the scorpion! You freeze the scorpion.
You kill the scorpion!
Your Axes skill increases to level 7!
You have reached level 6!
You feel stronger. 😕 HP[+5] MP[+1]
You now have 51 max hp (+6).
You regained 5 hp, and now have 41/51 hp.
Your mp is fully restored (7).
You drop a +0 war axe {axe}.
You drop a +0 robe. 😕 HP[+1]
You see here a +0 mace {mace}. 😕 HP[+1] 😕 HP[+1] 😕 HP[+1] 😕 HP[+3]
You regained 3 hp, and now have 48/51 hp.
Found an escape hatch in the ceiling. 😕 HP[+2]
You regained 2 hp, and now have 50/51 hp. 😎 HP[+1]
Your hp is fully restored (51).
An ogre comes into view. It is wielding a +0 giant spiked club.
The ogre shouts!
A hound comes into view.
The ogre moves out of view.
The ogre barely misses you.
You slash the ogre! You freeze the ogre. You hit the ogre. You freeze the ogre.
The ogre hits you with a +0 giant spiked club! 😮 HP[-15]
You take 15 damage, and now have 36/51 hp.
MASSIVE DAMAGE!! (PAUSE)
You slash the ogre! You freeze the ogre.
You kill the ogre!
You slash the hound! You freeze the hound.
You kill the hound!
You have reached level 7! 😮 HP[+5] MP[+1]
You now have 57 max hp (+6).
You regained 5 hp, and now have 41/57 hp.
Your mp is fully restored (8).
A jelly, a scorpion, an iguana, a quokka and 2 ogres come into view.
The jelly quivers.
The iguana hisses angrily.
The ogre shouts!
Things that are here:
a +0 giant spiked club {mace}; a hound corpse 😕 HP[+2]
You regained 2 hp, and now have 43/57 hp.
You closely miss the quokka.
The quokka bites you but does no damage. x2 😕 HP[+1]
You hit the quokka. You freeze the quokka.
You kill the quokka!
You block the scorpion's attack.
You slash the scorpion! You freeze the scorpion.
The scorpion stings you but does no damage. x2 😕 HP[+1]
You barely miss the scorpion. You block the scorpion's attack.
You slash the scorpion! You freeze the scorpion.
You kill the scorpion!
Your Axes skill increases to level 8!
You slash the iguana!
The iguana seems to slow down.
You freeze the iguana. The iguana bites you! 😮 HP[-7]
You take 7 damage, and now have 38/57 hp.
You slash the iguana! You freeze the iguana.
You kill the iguana!
You barely miss the ogre.
The ogre hits you with a +0 giant club!!
* * * LOW HITPOINT WARNING * * *
😨 HP[-20]
You take 20 damage, and now have 18/57 hp.
MASSIVE DAMAGE!! (PAUSE)
You slash the ogre! You freeze the ogre.
The ogre hits you with a +0 giant club.
* * * LOW HITPOINT WARNING * * *
😱 HP[-4]
You take 4 damage, and now have 14/57 hp.
Unknown command.
You slash the ogre! You freeze the ogre.
The ogre hits you with a +0 giant club!!
You die...

Skill      XL: |  1  2  3  4  5  6  7 |
---------------+----------------------+-----
Axes           | 3 4 5 7 8 |  8.5
Fighting       | |  3.2
Armour         | |  3.6
Shields        | |  3.6

Action                   |  1- 3 |  4- 6 |  7- 9 || total
-------------------------+-------+-------+-------++-------
Melee: War axe           |    79 |    93 |    10 ||   182
Armor: Scale mail        |    51 |    40 |     4 ||    95
Dodge: Dodged            |    46 |    33 |       ||    79
Block: Buckler           |    18 |    30 |     2 ||    50

Levels and vault maps discovered:
D:1:      dpeg_arrival_houses_and_road, layout_basic
D:2:      layout_rooms
D:3:      layout_loops_ring, doesnt_xom_only_xom,
          nicolae_qazlal_eye_of_the_storm, shapermc_ecumenical_altar_ellora,
          ebering_ghost_inner_flame
D:4:      layout_rooms
D:5:      cheibrodos_helix_gallery, layout_cave_pools, hangedman_decor_lopped,
          minmay_misc_feat_ornament, kennysheep_generic_room_11

Notes
Turn   | Place    | Note
-------+----------+-------------------------------------------
     0 | D:1      | MackTheKnife the Meteoran Fighter began the quest for the
                  | Orb.
     0 | D:1      | Reached XP level 1. HP: 19/19 MP: 2/2
     0 | D:1      | magus.rc [v1.9.6]
   120 | D:1      | Reached skill level 3 in Axes
   120 | D:1      | Reached XP level 2. HP: 26/26 MP: 3/3
   430 | D:2      | Reached XP level 3. HP: 31/31 MP: 4/4
   438 | D:2      | Reached skill level 4 in Axes
   585 | D:2      | Reached XP level 4. HP: 33/38 MP: 5/5
   908 | D:3      | Found a shimmering altar of Xom.
   910 | D:3      | Found a hazy altar of Hepliaklqana.
   910 | D:3      | Found an opulent altar of Gozag.
   912 | D:3      | Found a burning altar of Makhleb.
   912 | D:3      | Found a sparkling altar of Nemelex Xobeh.
   912 | D:3      | Found a glowing silver altar of Zin.
  1004 | D:3      | Found a stormy altar of Qazlal.
  1089 | D:3      | Found a faded altar of an unknown god.
  1115 | D:3      | You fall into a shaft and drop 1 floor!
  1195 | D:4      | Reached skill level 5 in Axes
  1260 | D:4      | You pick up a book of Dangerous Friends and begin
                  | reading...
  1260 | D:4      | You add the spells Summon Guardian Golem, Orb of
                  | Destruction and Spellforged Servitor to your library.
  1311 | D:4      | Reached XP level 5. HP: 37/45 MP: 6/6
  1320 | D:4      | Reached skill level 6 in Axes
  1358 | D:5      | Entered Level 5 of the Dungeon
  1403 | D:5      | Reached skill level 7 in Axes
  1403 | D:5      | Reached XP level 6. HP: 41/51 MP: 7/7
  1429 | D:5      | Noticed an ogre
  1436 | D:5      | Killed an ogre
  1438 | D:5      | Reached XP level 7. HP: 41/57 MP: 8/8
  1445 | D:5      | Reached skill level 8 in Axes
  1448 | D:5      | HP: 14/57 [ogre/+0 giant club (5)]
  1449 | D:5      | Mangled by an ogre

Vanquished Creatures
  An ogre (D:5)
  2 scorpions (D:5)
  2 hounds
  2 iguanas (D:5)
  3 adders
  2 worms (D:4)
  An orc (D:3)
  7 ball pythons
  3 endoplasms (D:2)
  A giant cockroach (D:2)
  3 goblins
  6 hobgoblins
  2 jackals (D:1)
  3 quokkas
  5 bats
  3 frilled lizards
  4 kobolds
  3 rats
53 creatures vanquished.

Vanquished Creatures (others)
  A fungus (D:3)
1 creature vanquished.

Grand Total: 54 creatures vanquished

Table legend:
 A = Non-vault XP
 B = Vault XP
 C = Vault XP percentage of total XP
 D = Non-vault monster count
 E = Vault monster count
 F = Vault count percentage of total count
                 A         B        C        D         E       F
            +---------+---------+-------+---------+---------+-------
      Total |     516 |      42 |   7.5 |      52 |       1 |   1.9
            +---------+---------+-------+---------+---------+-------
        D:1 |      23 |       0 |   0.0 |      14 |       0 |   0.0
        D:2 |      44 |       0 |   0.0 |      18 |       0 |   0.0
        D:3 |       9 |       0 |   0.0 |       5 |       0 |   0.0
        D:4 |      86 |       0 |   0.0 |       9 |       0 |   0.0
        D:5 |     354 |      42 |  10.6 |       6 |       1 |  14.3
            +---------+---------+-------+---------+---------+-------

Illustrated notes

Table legend:
 A = Kills in this place as a percentage of kills in entire the game.
 B = Kills by you in this place as a percentage of kills by you in the entire game.
 C = Kills by friends in this place as a percentage of kills by friends in the entire game.
 D = Other kills in this place as a percentage of other kills in the entire game.
 E = Experience gained in this place as a percentage of experience gained in the entire game.
 F = Experience gained in this place divided by the number of levels of this place that you have seen.
                   A       B       C       D       E      F
               +-------+-------+-------+-------+-------+----------------------
         Total | 100.0 | 100.0 |   N/A |   N/A | 100.0 | 111.6
       Dungeon | 100.0 | 100.0 |   N/A |   N/A | 100.0 | 111.6
               +-------+-------+-------+-------+-------+----------------------

Table legend: (Time is in decaauts)
 A = Elapsed time spent in this place.
 B = Non-inter-level travel time spent in this place.
 C = Inter-level travel time spent in this place.
 D = Time resting spent in this place.
 E = Time spent auto-exploring this place.
 F = Levels seen in this place.
 G = Mean time per level.
                   A        B        C        D        E       F      G
               +--------+--------+--------+--------+--------+-----+--------+
         Total |   1502 |   1481 |     21 |      0 |    535 |   5 |  300.4 |
       Dungeon |   1502 |   1481 |     21 |      0 |    535 |   5 |  300.4 |
               +--------+--------+--------+--------+--------+-----+--------+

Top non-repeatable levels by time:
     D:1: 443 daAuts
     D:3: 430 daAuts
     D:2: 277 daAuts
     D:4: 256 daAuts
     D:5: 94 daAuts
